 Dungeon Crawl Stone Soup version 0.22-a0-877-g5c4e1af (webtiles) character file.

16 exewon the Chiller (level 2, -1/19 HPs)
             Began as a Human Ice Elementalist on July 30, 2018.
             Slain by a gnoll
             ... wielding a cursed -3 flail
              (10 damage)
             ... on level 1 of the Dungeon.
             The game lasted 00:04:39 (724 turns).

exewon the Chiller (Human Ice Elementalist)          Turns: 724, Time: 00:04:39

Health: -1/19      AC:  5    Str:  8    XL:     2   Next: 70%
Magic:  1/5        EV: 10    Int: 15    God:
Gold:   33         SH:  0    Dex: 13    Spells: 4/5 levels left

rFire    . . .     SeeInvis .   (no weapon)
rCold    . . .     Gourm    .   (no shield)
rNeg     . . .     Faith    .   g - +0 ring mail
rPois    .         Spirit   .   (no helmet)
rElec    .         Reflect  .   (no cloak)
rCorr    .         Harm     .   (no gloves)
MR       .....                  (no boots)
Stlth    +.........             (no amulet)
HPRegen  0.06/turn              (no ring)
MPRegen  0.09/turn              (no ring)

@: very slightly contaminated
A: no striking features
a: no special abilities


You were on level 1 of the Dungeon.
You were not hungry.

You visited 1 branch of the dungeon, and saw 1 of its levels.

You collected 33 gold pieces.

Inventory:

Armour
 a - a +0 robe
 g - a +0 ring mail (worn)
 h - a +0 chain mail
Scrolls
 b - 2 scrolls of identify {unknown}
 d - a scroll of immolation {unknown}
 f - a scroll of enchant weapon {unknown}
Potions
 e - a potion of ambrosia {unknown}
Comestibles
 c - 6 rations


   Skills:
 + Level 0.2 Armour
 - Level 2.0 Dodging
 + Level 2.1 Stealth
 + Level 2.3 Spellcasting
   Level 1.0 Conjurations
 + Level 3.3 Ice Magic


You had 4 spell levels left.
You knew the following spells:

 Your Spells              Type           Power        Failure   Level  Hunger
a - Freeze                Ice            ##..         17%         1    #......

Your spell library contained the following spells:

 Spells                   Type           Power        Failure   Level  Hunger
 Throw Frost              Conj/Ice       #.....       38%         2    ###....
 Summon Ice Beast         Ice/Summ       #.......     98%         4    #####..
 Ozocubu's Armour         Chrm/Ice       #.......     71%         3    ###....
 Throw Icicle             Conj/Ice       #.......     95%         4    #####..


Dungeon Overview and Level Annotations

Branches:
Dungeon (1/15)

Altars:


Message History

The gnoll is severely wounded.
The gnoll hits you with a flail!
Casting: Freeze (safe; 17% risk of failure)
Confirm with . or Enter, or press ? or * to list all spells.
Aiming: Freeze (safe; 17% risk of failure)
Press: ? - help, Shift-Dir - straight line, f/p - gnoll
Aim: a gnoll, wielding a flail (severely wounded)
You freeze the gnoll.
The gnoll is severely wounded.
The gnoll hits you but does no damage.
Casting: Freeze (safe; 17% risk of failure)
Confirm with . or Enter, or press ? or * to list all spells.
Aiming: Freeze (safe; 17% risk of failure)
Press: ? - help, Shift-Dir - straight line, f/p - gnoll
Aim: a gnoll, wielding a flail (severely wounded)
You miscast Freeze.
You feel a strange surge of energy! The gnoll closely misses you.
The gnoll hits you with a flail!
Ouch! That really hurt!
You die...

......#..#####......#
#######.............#
#.############# ##
#...# .# ###.# .# #.#
########.# #.#
#......#.# #.########
#.####.#.#
#.......@###.####.#.#
########.g..........#
#####.####.### #.#
#.# #.. ..# ########


You could see a gnoll.

Vanquished Creatures
  A dart slug (D:1)
  2 goblins (D:1)
  2 hobgoblins (D:1)
  2 kobolds (D:1)
  7 rats (D:1)
14 creatures vanquished.

Notes
Turn   | Place    | Note
-------+----------+-------------------------------------------
     0 | D:1      | exewon the Human Ice Elementalist began the quest for the Orb.
     0 | D:1      | Reached XP level 1. HP: 13/13 MP: 3/3
   155 | D:1      | Reached XP level 2. HP: 6/19 MP: 0/5
   724 | D:1      | Slain by a gnoll

Vault maps used:
D:1:      ncdulo_wetmaze

Action                   || total
-------------------------++-------
Melee: Unarmed           ||     7
 Cast: Freeze            ||    20
Armor: Robe              ||     2
       Ring mail         ||     3
Dodge: Dodged            ||    10

Table legend:
 A = Spawn XP
 B = Non-spawn XP
 C = Spawn XP percentage of total XP
 D = Spawn monster count
 E = Non-spawn monster count
 F = Spawn count percentage of total count
 G = Total turns spent on level
                    A         B        C        D         E        F      G
               +---------+---------+-------+---------+---------+-------+---------
         Total |       0 |      23 |   0.0 |       0 |      14 |   0.0 |   724
               +---------+---------+-------+---------+---------+-------+---------
           D:1 |       0 |      23 |   0.0 |       0 |      14 |   0.0 |   724
               +---------+---------+-------+---------+---------+-------+---------
